 Dungeon Crawl Stone Soup version 0.17-a0-1481-gfdcec5c (webtiles) character file.

112 rnawigator the Conjurer (level 4, 0/27 HPs)
             Began as a High Elf Conjurer on July 4, 2015.
             Slain by Grinder (7 damage)
             ... while paralysed by Grinder
             ... on level 3 of the Dungeon.
             The game lasted 00:08:51 (2205 turns).

rnawigator the Conjurer (High Elf Conjurer)         Turns: 2205, Time: 00:08:51

Health: 0/27       AC:  4    Str:  7    XL:     4   Next: 63%
Magic:  1/10       EV:  2    Int: 19    God:
Gold:   114        SH:  0    Dex: 16    Spells: 4 memorised, 0 levels left

rFire  . . .     SeeInvis .     g - -2 dagger (curse)
rCold  . . .     Clarity  .     a - +2 robe
rNeg   . . .     SustAt   .     (no shield)
rPois  .         Gourm    .     (no helmet)
rElec  .         Spirit   .     (no cloak)
rCorr  .         Warding  .     (no gloves)
rMut   .         Stasis   .     (no boots)
MR     .....                    (no amulet)
Stlth  ++........               (no ring)
                                (no ring)

@: paralysed, not resistant to hostile enchantments, unstealthy
A: no striking features
a: no special abilities


You were on level 3 of the Dungeon.
You were not hungry.

You visited 1 branch of the dungeon, and saw 3 of its levels.

You collected 114 gold pieces.

Inventory:

Hand weapons
 d - a +4 dagger
 g - a cursed -2 dagger (weapon)
 j - a +0 dagger
Armour
 a - a +2 robe (worn)
Jewellery
 r - an uncursed ring of fire {unknown}
Scrolls
 f - a scroll of teleportation
 q - a scroll of remove curse {unknown}
Potions
 e - a potion of brilliance
 i - a potion of invisibility
 k - a potion of flight {unknown}
 n - 2 potions of poison {unknown}
Books
 b - a book of Conjurations

   Spells                             Type                      Level
   a - Magic Dart                     Conjuration                  1
   b - Searing Ray                    Conjuration                  2
   c - Dazzling Spray                 Conjuration/Hexes            3
   d - Fulminant Prism                Conjuration/Hexes            4
   e - Iskenderun's Mystic Blast      Conjuration                  4
   f - Iskenderun's Battlesphere      Conjuration/Charms           5
Comestibles
 c - 4 bread rations
 h - a slice of pizza
 m - a meat ration
 o - 2 fruits
 p - 8 chunks of flesh


   Skills:
 + Level 3.0 Dodging
 + Level 2.8 Stealth
 * Level 3.5 Spellcasting
 * Level 5.4 Conjurations


You couldn't memorise any spells.
You knew the following spells:

 Your Spells              Type           Power        Failure   Level  Hunger
a - Magic Dart            Conj           ###.         1%          1    None
b - Searing Ray           Conj           ###...       2%          2    ##.....
c - Dazzling Spray        Conj/Hex       ##......     14%         3    ###....
d - Iskenderun's Mystic   Conj           ###.....     17%         4    ####...


Dungeon Overview and Level Annotations

Branches:
Dungeon (3/15)

Altars:
Fedhas

Annotations:
D:3 Grinder


Message History

Confirm with . or Enter, or press ? or * to list all spells.
Aiming: Magic Dart
Press: ? - help, Shift-Dir - straight line, f/p - Grinder
Aim: Grinder (severely wounded)
The magic dart hits Grinder.
Grinder is almost dead.
Grinder drinks a potion.
Grinder is healed!
Drink which item? (? for menu, Esc to quit)
You feel better. Grinder closely misses you. Grinder gestures at you.
You suddenly lose the ability to move!
Grinder gestures at you.
You barely resist. Grinder gestures at you.
You barely resist. Grinder gestures at you. Pain shoots through your body!
* * * LOW HITPOINT WARNING * * *
Grinder hits you!
You die...

#..##.# ###..##.#
#....# #.#.## .
##.#.# .. #....#
..# #....#...#
#########...#..#.#
#.....<..@5.....%#
.....######.#######
##. #.# #.# #.# #.#
#.# #.# ..#


You could see Grinder.

Vanquished Creatures
  An orc wizard (D:3)
  2 adders (D:2)
  An ooze (D:2)
  A giant gecko (D:1)
  4 orcs (D:3)
  9 bats
  5 giant cockroaches
  6 goblins
  6 hobgoblins
  5 jackals
  6 kobolds
  3 giant newts
  4 rats (D:2)
53 creatures vanquished.

Notes
Turn   | Place    | Note
--------------------------------------------------------------
     0 | D:1      | rnawigator the High Elf Conjurer began the quest for the Orb.
     0 | D:1      | Reached XP level 1. HP: 11/11 MP: 4/4
   304 | D:1      | Reached XP level 2. HP: 17/17 MP: 3/6
   308 | D:1      | Learned a level 2 spell: Searing Ray
   919 | D:2      | Reached XP level 3. HP: 21/21 MP: 6/8
  1165 | D:2      | Learned a level 3 spell: Dazzling Spray
  1437 | D:2      | Reached skill level 5 in Conjurations
  1457 | D:2      | Found a blossoming altar of Fedhas.
  1801 | D:3      | Reached XP level 4. HP: 27/27 MP: 1/9
  1967 | D:3      | Noticed Grinder
  2148 | D:2      | Learned a level 4 spell: Iskenderun's Mystic Blast
  2191 | D:3      | Paralysed by Grinder for 4 turns
  2200 | D:3      | Paralysed by Grinder for 7 turns
  2205 | D:3      | Slain by Grinder

Vault maps used:
D:1:      dpeg_arrival_fog, grunt_decor_arrowhead
D:2:      first_bread, fedhas_altar_4
D:3:      uniq_grinder

Action                   |  1- 3 |  4- 6 || total
-------------------------+-------+-------++-------
Melee: Dagger            |     1 |       ||     1
 Cast: Magic Dart        |    81 |    35 ||   116
       Searing Ray       |     1 |     1 ||     2
  Use: Scroll            |     8 |       ||     8
       Potion            |       |     1 ||     1
 Stab: Sleeping          |     1 |       ||     1
  Eat: Chunk             |     3 |     1 ||     4
